 Dungeon Crawl Stone Soup version 0.31-a0-202-g547052bce9 (webtiles) character file.

Game seed: 15713154977127438881

77 qw the Shooter (level 4, -5/25 HPs)
             Began as a Deep Elf Hunter on June 26, 2023.
             Slain by Terence
             ... wielding a +0 trident
              (7 damage)
             ... on level 2 of the Dungeon.
             The game lasted 00:00:29 (991 turns).

qw the Shooter (Deep Elf Hunter)                     Turns: 991, Time: 00:00:29

Health: -5/25      AC:  4    Str: 10    XL:     4   Next: 14%
Magic:  6/6        EV: 12    Int: 14    God:
Gold:   49         SH:  0    Dex: 18    Spells: 3/3 levels left

rFire   . . .        Y - +0 shortbow
rCold   . . .        (shield currently unavailable)
rNeg    . . .        c - +0 leather armour
rPois   .            (no helmet)
rElec   .            a - +0 cloak
rCorr   .            (no gloves)
SInv    .            (no boots)
Will    .....        (no amulet)
Stlth   ++           (no ring)
HPRegen 0.24/turn    (no ring)
MPRegen 0.10/turn

%: no passive effects
@: no status effects
A: no striking features
a: no special abilities


You were on level 2 of the Dungeon.
You visited 1 branch of the dungeon, and saw 2 of its levels.

You collected 49 gold pieces.


   Skills:
 - Level 1.5 Fighting
 + Level 7.5 Ranged Weapons
 - Level 2.4 Dodging
 - Level 1.2 Stealth


You had 3 spell levels left.
You didn't know any spells.
Your spell library was empty.

Inventory:

Hand Weapons
 Y - a +0 shortbow (weapon)
Armour
 a - a +0 cloak (worn)
 c - a +0 leather armour (worn)

Dungeon Overview and Level Annotations

Branches:
Dungeon (2/15)

Altars:

Annotations:
D:2 Terence


Message History

Keep equipping yourself?
You start putting on your armour.
You continue putting on your +0 cloak.
Terence barely misses you.
You continue putting on your +0 cloak.
Terence barely misses you.
You continue putting on your +0 cloak.
Terence closely misses you.
You continue putting on your +0 cloak.
Terence closely misses you.
You finish putting on your +0 cloak.
Enter note:
Enter note:
Enter note:
Enter note:
Enter note:
Enter note:
982 ||| FLEEEEING.
983 ||| FLEEEEING.
984 ||| FLEEEEING.
You shoot an arrow. The arrow closely misses Terence.
You shoot an arrow. The arrow hits Terence!
Terence is heavily wounded.
Terence barely misses you.
You shoot an arrow.
The arrow hits Terence but does no damage.
Terence is heavily wounded.
Terence hits you from afar with a +0 trident.
You shoot an arrow. The arrow hits Terence!
Terence is almost dead.
Terence closely misses you.
You shoot an arrow. The arrow barely misses Terence.
Terence hits you from afar with a +0 trident.
Terence completely misses you.
You shoot an arrow.
The arrow hits Terence but does no damage.
Terence is almost dead.
Terence barely misses you.
You shoot an arrow. The arrow barely misses Terence.
Terence hits you from afar with a +0 trident!
You die...

#.#.#######......#.....#
#+#.# #......#.....#
....# #......%......
....# #.............
....#### #........
....'..# #.###....
....##.# #@# # ....##.#
#.# ######.# #@# #.#...#
#.# #.#...# #.# #.#...#
#.# #.#...# #.# #.#.%.#
#.# #.#...# #.#
#.#...#####.#
#...........#


You could see Terence.

Vanquished Creatures
  Natasha (D:2)
  An adder (D:2)
  A dart slug (D:1)
  5 bats
  5 endoplasms
  2 giant cockroaches
  4 goblins
  2 hobgoblins (D:2)
  4 kobolds
  A quokka (D:2)
  8 ball pythons
  5 frilled lizards
  A rat (D:2)
40 creatures vanquished.

Notes
Turn   | Place    | Note
-------+----------+-------------------------------------------
     0 | D:1      | qw the Deep Elf Hunter began the quest for the Orb.
     0 | D:1      | Reached XP level 1. HP: 12/12 MP: 3/3
     0 | D:1      | 0 ||| qw: Version: 0.3-a-22-g0ed2b0b
     0 | D:1      | 0 ||| qw: Game counter: 5766
     0 | D:1      | 0 ||| qw: Melee chars always use a shield: true
     0 | D:1      | 0 ||| qw: God list: Okawaru
     0 | D:1      | 0 ||| qw: Allow faded altars: false
     0 | D:1      | 0 ||| qw: Do Orc after clearing Dungeon:15 true
     0 | D:1      | 0 ||| qw: Do second Lair branch before Depths: true
     0 | D:1      | 0 ||| qw: Lair rune preference: random
     0 | D:1      | 0 ||| qw: Goals: Normal
     0 | D:1      | 0 ||| PLANNING D:1-11
   111 | D:1      | Reached XP level 2. HP: 16/16 MP: 4/4
   144 | D:1      | Reached skill level 6 in Ranged Weapons
   551 | D:1      | 551 ||| READING scroll labelled ARGHOR TEAFUERGH.
   552 | D:1      | 552 ||| DROPPING scroll of butterflies.
   592 | D:2      | 592 ||| FLEEEEING.
   598 | D:2      | 598 ||| FLEEEEING.
   599 | D:2      | 599 ||| FLEEEEING.
   600 | D:2      | 600 ||| FLEEEEING.
   601 | D:2      | 601 ||| FLEEEEING.
   602 | D:2      | 602 ||| FLEEEEING.
   603 | D:2      | 603 ||| FLEEEEING.
   609 | D:2      | 609 ||| STAIRDANCE
   652 | D:2      | Found a faded altar of an unknown god.
   677 | D:2      | Reached XP level 3. HP: 20/20 MP: 5/5
   718 | D:2      | Reached skill level 7 in Ranged Weapons
   823 | D:2      | Noticed Natasha
   825 | D:2      | 825 ||| Stepping ~*~*~tactically~*~*~ (outnumbered).
   832 | D:2      | Killed Natasha
   833 | D:2      | Reached XP level 4. HP: 14/25 MP: 6/6
   967 | D:2      | Noticed Terence
   976 | D:2      | 976 ||| UPGRADING to +0 cloak.
   982 | D:2      | 982 ||| FLEEEEING.
   983 | D:2      | 983 ||| FLEEEEING.
   984 | D:2      | 984 ||| FLEEEEING.
   987 | D:2      | HP: 4/25 [Terence/+0 trident (5)]
   991 | D:2      | Slain by Terence

Levels and vault maps discovered:
D:1:      matt_arrival_spirals, layout_basic
D:2:      cheibrodos_greedy_goblins, layout_basic,
          hellmonk_ecumenical_altar_blasted, minmay_misc_feat_rows,
          uniq_terence, uniq_natasha

Skill      XL: |  1  2  3 |
---------------+----------+-----
Ranged Weapons | 6 7 |  7.5
Fighting       | |  1.5
Dodging        | |  2.4
Stealth        | |  1.2

Action                     |  1- 3 |  4- 6 || total
---------------------------+-------+-------++-------
   Fire: Shortbow          |    81 |    23 ||   104
    Use: Scroll            |     1 |       ||     1
 Armour: Leather armour    |     5 |       ||     5
  Dodge: Dodged            |    19 |    13 ||    32

Table legend:
 A = Non-vault XP
 B = Vault XP
 C = Vault XP percentage of total XP
 D = Non-vault monster count
 E = Vault monster count
 F = Vault count percentage of total count
                 A         B        C        D         E       F
            +---------+---------+-------+---------+---------+-------
      Total |      75 |      36 |  32.4 |      39 |       1 |   2.5
            +---------+---------+-------+---------+---------+-------
        D:1 |      28 |       0 |   0.0 |      16 |       0 |   0.0
        D:2 |      47 |      36 |  43.4 |      23 |       1 |   4.2
            +---------+---------+-------+---------+---------+-------
